[ AOE2 MATCH · #474645656 ]
UnrankedGoths vs Huns
[ REPLAY ANALYSIS · EXTRACTED FROM THE RECORDED GAME ]
Feudal
12:17
Castle
19:46
Imperial
35:33
| APM avg | 20.1 |
| APM peak | 53 |
| eAPM avg | 13.8 |
| Villagers / military | 105 / 182 |
Focus
⚔️ 38.1% · 🌾 61.9%
Huskarl ×73 · Skirmisher ×51 · Scorpion ×21 · Trade Cart ×18 · Trebuchet (Packed) ×14 · Militia ×11
Feudal
—
Castle
—
Imperial
—
| APM avg | 15.6 |
| APM peak | 65 |
| eAPM avg | 9.2 |
| Villagers / military | 98 / 94 |
Focus
⚔️ 24.3% · 🌾 75.7%
Spearman ×64 · Militia ×9 · Tarkan ×8 · Mangonel ×8 · Archer ×4 · Trebuchet (Packed) ×1
Feudal
13:05
Castle
30:02
Imperial
48:04
| APM avg | 37.9 |
| APM peak | 75 |
| eAPM avg | 26.8 |
| Villagers / military | 117 / 106 |
Focus
⚔️ 30.6% · 🌾 69.4%
War Elephant ×29 · Cavalry Archer ×26 · Militia ×19 · Spearman ×9 · Petard ×8 · Battering Ram ×7
Feudal
11:48
Castle
26:48
Imperial
41:37
| APM avg | 10.3 |
| APM peak | 26 |
| eAPM avg | 7.7 |
| Villagers / military | 50 / 76 |
Focus
⚔️ 26.1% · 🌾 73.9%
Knight ×23 · Scout Cavalry ×19 · Spearman ×17 · Trade Cart ×12 · Cavalry Archer ×6 · Mangonel ×4
Feudal
10:16
Castle
19:36
Imperial
34:52
| APM avg | 27.3 |
| APM peak | 122 |
| eAPM avg | 17.2 |
| Villagers / military | 107 / 169 |
Focus
⚔️ 21.8% · 🌾 78.2%
Konnik ×134 · Trade Cart ×39 · Skirmisher ×27 · Knight ×5 · Monk ×2 · Trebuchet (Packed) ×1
Feudal
—
Castle
—
Imperial
—
| APM avg | 8.5 |
| APM peak | 34 |
| eAPM avg | 6.8 |
| Villagers / military | 75 / 73 |
Focus
⚔️ 32.0% · 🌾 68.0%
Archer ×25 · Trade Cart ×15 · Throwing Axeman ×15 · Spearman ×11 · Scorpion ×7 · Skirmisher ×7
Feudal
15:30
Castle
38:46
Imperial
50:49
| APM avg | 17.0 |
| APM peak | 57 |
| eAPM avg | 11.1 |
| Villagers / military | 56 / 123 |
Focus
⚔️ 24.4% · 🌾 75.6%
Organ Gun ×44 · Skirmisher ×31 · Spearman ×20 · Knight ×16 · Militia ×6 · Battering Ram ×6
Feudal
—
Castle
—
Imperial
—
| APM avg | 10.1 |
| APM peak | 44 |
| eAPM avg | 8.1 |
| Villagers / military | 55 / 141 |
Focus
⚔️ 42.7% · 🌾 57.3%
Bolas Rider ×59 · Kona ×47 · Skirmisher ×32 · Trade Cart ×10 · Mangonel ×2 · Monk ×1
Match map
Initial resources + every placement click. Lines = walls · curves = elevation contours. ◆ gold · ⬟ stone · ● berries · ✦ relic · ◌ wall gap
Your base
Lyes37's base
Galatasaray's base
Lyarios's base· Open — unwalled flank
Feytih38's base
martindiego7's base· Open — unwalled flank
KonyaCity42's base
TorukMakto1285's base· Open — 8t gap
Smoothed initial terrain · ◌ = detected wall gap · hover for details
Inputs per minute
— TR-68 - - Lyes37
Build order — TR-68
First 150 of 437 actions detected
| 0:06 | Build | House |
| 0:08 | Build | House |
| 0:09 | Build | House |
| 0:14 | Create | Villager (Male) |
| 0:14 | Create | Villager (Male) |
| 0:14 | Create | Villager (Male) |
| 1:33 | Create | Villager (Male) |
| 1:33 | Create | Villager (Male) |
| 1:34 | Create | Villager (Male) |
| 2:35 | Create | Villager (Male) |
| 2:35 | Create | Villager (Male) |
| 2:36 | Create | Villager (Male) |
| 2:36 | Create | Villager (Male) |
| 2:55 | Create | Villager (Male) |
| 3:27 | Create | Villager (Male) |
| 4:08 | Create | Villager (Male) |
| 4:08 | Create | Villager (Male) |
| 4:08 | Create | Villager (Male) |
| 4:20 | Build | Mill |
| 5:08 | Create | Villager (Male) |
| 5:33 | Create | Villager (Male) |
| 5:33 | Create | Villager (Male) |
| 5:40 | Build | Lumber Camp |
| 6:01 | Create | Villager (Male) |
| 6:01 | Create | Villager (Male) |
| 6:01 | Create | Villager (Male) |
| 7:24 | Create | Villager (Male) |
| 7:31 | Create | Villager (Male) |
| 8:08 | Build | House |
| 8:09 | Build | House |
| 8:11 | Build | House |
| 8:38 | Build | Farm |
| 8:50 | Create | Villager (Male) |
| 9:22 | Build | Farm |
| 9:41 | Build | Farm |
| 10:07 | Research | Feudal Age |
| 10:07 | Research | Feudal Age |
| 10:37 | Build | Barracks |
| 10:56 | Research | Loom |
| 10:59 | Create | Villager (Male) |
| 10:59 | Create | Villager (Male) |
| 11:00 | Create | Villager (Male) |
| 11:00 | Create | Villager (Male) |
| 11:17 | Create | Villager (Male) |
| 11:18 | Create | Villager (Male) |
| 12:17 | Age | Feudal Age |
| 12:52 | Research | Double-Bit Axe |
| 12:55 | Research | Horse Collar |
| 14:00 | Create | Villager (Male) |
| 14:13 | Research | Man-at-Arms (upgrade) |
| 14:22 | Create | Militia |
| 14:22 | Create | Militia |
| 14:23 | Create | Militia |
| 14:34 | Create | Villager (Male) |
| 15:09 | Create | Militia |
| 15:28 | Build | Market |
| 15:42 | Create | Villager (Male) |
| 15:48 | Build | House |
| 15:59 | Create | Villager (Male) |
| 15:59 | Create | Villager (Male) |
| 16:15 | Build | Blacksmith |
| 16:38 | Build | Mining Camp |
| 16:50 | Build | House |
| 16:52 | Build | House |
| 17:05 | Research | Castle Age |
| 17:14 | Build | House |
| 17:16 | Build | House |
| 17:19 | Build | House |
| 17:21 | Build | House |
| 17:23 | Build | House |
| 17:26 | Build | House |
| 17:36 | Build | Market |
| 18:51 | Build | Lumber Camp |
| 19:06 | Create | Militia |
| 19:06 | Create | Militia |
| 19:07 | Create | Militia |
| 19:07 | Create | Militia |
| 19:17 | Create | Trade Cart |
| 19:18 | Create | Trade Cart |
| 19:18 | Create | Trade Cart |
| 19:18 | Create | Trade Cart |
| 19:18 | Create | Trade Cart |
| 19:29 | Build | House |
| 19:29 | Build | House |
| 19:36 | Create | Villager (Male) |
| 19:36 | Create | Villager (Male) |
| 19:36 | Create | Villager (Male) |
| 19:37 | Create | Villager (Male) |
| 19:46 | Age | Castle Age |
| 20:30 | Build | Town Center |
| 21:39 | Build | Siege Workshop |
| 21:56 | Create | Villager (Male) |
| 21:57 | Create | Villager (Male) |
| 21:57 | Create | Villager (Male) |
| 21:57 | Create | Villager (Male) |
| 22:15 | Build | Farm |
| 22:16 | Build | Farm |
| 22:18 | Build | Farm |
| 22:21 | Build | Farm |
| 22:23 | Create | Villager (Male) |
| 22:23 | Create | Villager (Male) |
| 22:24 | Create | Villager (Male) |
| 22:36 | Create | Villager (Male) |
| 22:37 | Create | Villager (Male) |
| 22:37 | Create | Villager (Male) |
| 22:37 | Create | Villager (Male) |
| 23:02 | Build | Farm |
| 23:05 | Create | Villager (Male) |
| 23:05 | Create | Villager (Male) |
| 23:16 | Build | Farm |
| 23:37 | Create | Villager (Male) |
| 23:37 | Create | Villager (Male) |
| 23:37 | Create | Villager (Male) |
| 23:45 | Build | Farm |
| 23:56 | Build | Monastery |
| 23:59 | Create | Trade Cart |
| 24:20 | Build | Farm |
| 24:22 | Create | Villager (Male) |
| 24:23 | Create | Villager (Male) |
| 24:23 | Create | Villager (Male) |
| 24:23 | Create | Villager (Male) |
| 24:23 | Create | Villager (Male) |
| 24:23 | Create | Villager (Male) |
| 24:30 | Create | Villager (Male) |
| 24:38 | Create | Trade Cart |
| 24:38 | Create | Trade Cart |
| 25:23 | Create | Monk |
| 25:28 | Build | House |
| 25:29 | Build | House |
| 25:31 | Build | House |
| 25:36 | Build | Farm |
| 25:38 | Build | Farm |
| 25:40 | Create | Villager (Male) |
| 25:40 | Create | Villager (Male) |
| 25:41 | Create | Villager (Male) |
| 25:41 | Create | Villager (Male) |
| 25:45 | Build | Farm |
| 25:49 | Create | Villager (Male) |
| 25:49 | Create | Villager (Male) |
| 25:49 | Create | Villager (Male) |
| 25:57 | Create | Villager (Male) |
| 25:57 | Create | Villager (Male) |
| 26:10 | Create | Scorpion |
| 26:10 | Create | Scorpion |
| 26:10 | Create | Scorpion |
| 26:11 | Create | Scorpion |
| 26:23 | Create | Trade Cart |
| 26:23 | Create | Trade Cart |
| 26:33 | Build | Farm |
| 26:37 | Build | Farm |
Build order — Lyes37
First 150 of 227 actions detected
| 0:02 | Create | Villager (Male) |
| 0:03 | Create | Villager (Male) |
| 0:03 | Create | Villager (Male) |
| 0:23 | Create | Villager (Male) |
| 0:24 | Create | Villager (Male) |
| 1:31 | Create | Villager (Male) |
| 2:15 | Create | Villager (Male) |
| 2:15 | Create | Villager (Male) |
| 2:43 | Create | Villager (Male) |
| 2:45 | Create | Villager (Male) |
| 3:10 | Create | Villager (Male) |
| 3:47 | Create | Villager (Male) |
| 3:51 | Create | Villager (Male) |
| 4:01 | Create | Villager (Male) |
| 4:36 | Create | Villager (Male) |
| 4:47 | Create | Villager (Male) |
| 4:57 | Create | Villager (Male) |
| 5:18 | Create | Villager (Male) |
| 5:53 | Create | Villager (Male) |
| 5:59 | Create | Villager (Male) |
| 6:05 | Create | Villager (Male) |
| 6:15 | Create | Villager (Male) |
| 6:24 | Create | Villager (Male) |
| 6:44 | Build | Mill |
| 6:46 | Create | Villager (Male) |
| 7:01 | Create | Villager (Male) |
| 7:22 | Build | Lumber Camp |
| 8:01 | Create | Villager (Male) |
| 8:02 | Research | Feudal Age |
| 9:51 | Create | Villager (Male) |
| 10:15 | Create | Villager (Male) |
| 10:40 | Create | Villager (Male) |
| 10:44 | Research | Double-Bit Axe |
| 10:45 | Research | Horse Collar |
| 11:38 | Create | Villager (Male) |
| 11:46 | Build | Mining Camp |
| 11:59 | Create | Villager (Male) |
| 12:10 | Create | Villager (Male) |
| 12:32 | Create | Villager (Male) |
| 12:46 | Build | Farm |
| 12:47 | Build | Farm |
| 12:49 | Build | Farm |
| 12:50 | Build | Farm |
| 12:52 | Build | Farm |
| 12:53 | Build | Farm |
| 12:55 | Build | Farm |
| 12:57 | Build | Farm |
| 12:58 | Build | Farm |
| 13:02 | Build | Farm |
| 13:07 | Create | Villager (Male) |
| 13:19 | Build | Farm |
| 13:21 | Build | Farm |
| 13:26 | Build | Farm |
| 13:42 | Create | Villager (Male) |
| 13:50 | Build | Farm |
| 13:52 | Build | Farm |
| 14:00 | Create | Villager (Male) |
| 14:29 | Create | Villager (Male) |
| 14:38 | Build | Blacksmith |
| 14:44 | Create | Villager (Male) |
| 14:55 | Create | Villager (Male) |
| 15:17 | Build | Market |
| 15:23 | Create | Villager (Male) |
| 15:57 | Research | Castle Age |
| 16:05 | Build | Mining Camp |
| 16:10 | Research | Loom |
| 16:18 | Create | Villager (Male) |
| 16:30 | Build | Barracks |
| 16:36 | Create | Villager (Male) |
| 16:52 | Research | Stone Mining |
| 16:55 | Research | Gold Mining |
| 17:31 | Create | Villager (Male) |
| 18:30 | Create | Militia |
| 18:31 | Create | Militia |
| 18:31 | Create | Militia |
| 18:32 | Create | Militia |
| 18:38 | Research | Man-at-Arms (upgrade) |
| 18:54 | Research | Scale Mail Armor |
| 18:58 | Research | Heavy Plow |
| 19:07 | Research | Bow Saw |
| 19:21 | Create | Villager (Male) |
| 19:45 | Create | Militia |
| 19:48 | Create | Villager (Male) |
| 20:06 | Build | Barracks |
| 20:09 | Create | Villager (Male) |
| 20:23 | Create | Militia |
| 20:30 | Create | Villager (Male) |
| 20:40 | Research | Long Swordsman (upgrade) |
| 20:48 | Create | Militia |
| 20:48 | Create | Militia |
| 21:31 | Build | Archery Range |
| 22:21 | Build | Stone Wall |
| 22:27 | Create | Villager (Male) |
| 22:28 | Create | Villager (Male) |
| 22:34 | Create | Archer |
| 22:35 | Create | Archer |
| 22:43 | Create | Villager (Male) |
| 22:46 | Research | Gold Shaft Mining |
| 22:56 | Build | Town Center |
| 23:04 | Build | Town Center |
| 23:08 | Create | Villager (Male) |
| 23:25 | Build | Siege Workshop |
| 23:29 | Create | Archer |
| 23:29 | Research | Crossbowman (upgrade) |
| 23:46 | Create | Militia |
| 23:57 | Create | Mangonel |
| 24:06 | Build | Stone Wall |
| 24:20 | Create | Archer |
| 24:29 | Create | Villager (Male) |
| 24:32 | Research | Fletching |
| 24:39 | Create | Mangonel |
| 25:27 | Create | Mangonel |
| 25:46 | Build | Stone Wall |
| 25:51 | Build | Stone Wall |
| 26:01 | Research | Pikeman (upgrade) |
| 26:20 | Create | Spearman ×5 |
| 26:20 | Create | Spearman ×5 |
| 26:21 | Create | Spearman ×3 |
| 26:48 | Create | Villager (Male) |
| 26:48 | Create | Villager (Male) |
| 26:49 | Create | Villager (Male) |
| 26:49 | Create | Villager (Male) |
| 27:33 | Create | Villager (Male) |
| 27:33 | Create | Villager (Male) |
| 27:34 | Create | Villager (Male) |
| 27:44 | Build | Farm |
| 27:46 | Build | Farm |
| 27:47 | Build | Farm |
| 27:48 | Create | Villager (Male) |
| 29:23 | Build | Stone Wall |
| 30:31 | Create | Villager (Male) |
| 30:31 | Create | Villager (Male) |
| 30:31 | Create | Villager (Male) |
| 30:32 | Create | Villager (Male) |
| 30:33 | Create | Villager (Male) |
| 30:34 | Research | Wheelbarrow |
| 30:49 | Build | Stone Wall |
| 31:03 | Create | Mangonel |
| 31:03 | Create | Mangonel |
| 31:18 | Create | Villager (Male) |
| 31:24 | Build | Farm |
| 31:25 | Build | Farm |
| 31:26 | Build | Farm |
| 31:28 | Build | Farm |
| 31:33 | Build | Farm |
| 31:34 | Build | Farm |
| 31:35 | Create | Villager (Male) |
| 31:40 | Build | Farm |
| 31:41 | Build | Farm |
| 31:42 | Create | Villager (Male) |
Build order — Galatasaray
First 150 of 439 actions detected
| 0:07 | Create | Villager (Male) |
| 0:07 | Create | Villager (Male) |
| 0:07 | Create | Villager (Male) |
| 0:07 | Create | Villager (Male) |
| 0:08 | Create | Villager (Male) |
| 0:08 | Create | Villager (Male) |
| 0:08 | Research | Loom |
| 0:12 | Build | House |
| 0:13 | Build | House |
| 1:40 | Create | Villager (Male) |
| 1:40 | Create | Villager (Male) |
| 2:01 | Create | Villager (Male) |
| 2:01 | Create | Villager (Male) |
| 2:39 | Build | Palisade Wall |
| 2:56 | Create | Villager (Male) |
| 2:56 | Create | Villager (Male) |
| 2:56 | Create | Villager (Male) |
| 3:17 | Create | Villager (Male) |
| 3:18 | Create | Villager (Male) |
| 3:18 | Create | Villager (Male) |
| 4:16 | Create | Villager (Male) |
| 4:16 | Create | Villager (Male) |
| 4:17 | Create | Villager (Male) |
| 4:42 | Build | Palisade Wall |
| 5:01 | Build | House |
| 5:02 | Build | House |
| 5:26 | Create | Villager (Male) |
| 5:27 | Create | Villager (Male) |
| 5:27 | Create | Villager (Male) |
| 5:27 | Create | Villager (Male) |
| 6:02 | Build | Palisade Wall |
| 6:04 | Build | Palisade Wall |
| 6:20 | Build | Lumber Camp |
| 7:05 | Create | Villager (Male) |
| 7:06 | Create | Villager (Male) |
| 7:06 | Create | Villager (Male) |
| 7:42 | Build | Building 796 |
| 7:49 | Build | Mill |
| 7:52 | Create | Villager (Male) |
| 7:52 | Create | Villager (Male) |
| 8:38 | Build | Building 796 |
| 8:42 | Build | Building 796 |
| 9:08 | Build | Lumber Camp |
| 9:36 | Create | Villager (Male) |
| 9:36 | Create | Villager (Male) |
| 9:37 | Create | Villager (Male) |
| 10:03 | Build | Palisade Wall |
| 10:09 | Build | Palisade Gate |
| 10:10 | Build | Building 796 |
| 10:35 | Build | House |
| 10:35 | Build | House |
| 10:37 | Build | House |
| 10:37 | Build | House |
| 11:00 | Research | Feudal Age |
| 11:19 | Build | Barracks |
| 12:03 | Create | Villager (Male) |
| 12:03 | Create | Villager (Male) |
| 12:04 | Create | Villager (Male) |
| 12:04 | Create | Villager (Male) |
| 12:23 | Build | Barracks |
| 12:53 | Create | Villager (Male) |
| 12:54 | Create | Villager (Male) |
| 12:54 | Create | Villager (Male) |
| 12:54 | Create | Villager (Male) |
| 13:05 | Age | Feudal Age |
| 13:24 | Build | Stone Wall |
| 13:30 | Research | Arson |
| 13:36 | Research | Man-at-Arms (upgrade) |
| 13:39 | Create | Villager (Male) |
| 13:40 | Create | Villager (Male) |
| 13:40 | Create | Villager (Male) |
| 13:45 | Build | Mining Camp |
| 14:01 | Create | Villager (Male) |
| 14:01 | Create | Villager (Male) |
| 14:12 | Build | Market |
| 14:33 | Create | Spearman |
| 14:33 | Create | Spearman |
| 14:33 | Create | Spearman |
| 14:54 | Build | Mining Camp |
| 15:04 | Create | Villager (Male) |
| 15:04 | Create | Villager (Male) |
| 15:04 | Create | Villager (Male) |
| 15:04 | Create | Villager (Male) |
| 15:32 | Build | Farm |
| 15:54 | Build | Farm |
| 16:06 | Create | Spearman |
| 16:06 | Create | Spearman |
| 16:21 | Build | Building 490 |
| 16:22 | Build | Building 490 |
| 16:25 | Build | Building 490 |
| 16:36 | Build | Farm |
| 16:43 | Create | Villager (Male) |
| 16:43 | Create | Villager (Male) |
| 16:43 | Create | Villager (Male) |
| 17:26 | Build | Outpost |
| 17:31 | Research | Double-Bit Axe |
| 17:32 | Create | Villager (Male) |
| 17:32 | Create | Villager (Male) |
| 17:51 | Build | Outpost |
| 18:15 | Build | Lumber Camp |
| 18:50 | Create | Trade Cart |
| 18:50 | Create | Trade Cart |
| 19:16 | Build | Outpost |
| 19:31 | Build | Stone Wall |
| 19:35 | Build | Stone Wall |
| 19:44 | Build | Lumber Camp |
| 19:49 | Research | Wheelbarrow |
| 19:56 | Build | House |
| 19:56 | Build | House |
| 19:56 | Build | House |
| 19:57 | Build | House |
| 19:57 | Build | House |
| 19:57 | Build | House |
| 19:58 | Build | House |
| 19:58 | Build | House |
| 20:22 | Build | Stone Wall |
| 20:27 | Build | Building 487 |
| 20:44 | Build | Farm |
| 20:51 | Build | Blacksmith |
| 21:06 | Build | Farm |
| 21:31 | Build | House |
| 21:38 | Build | House |
| 21:59 | Build | Watch Tower |
| 22:04 | Research | Forging |
| 22:04 | Research | Scale Mail Armor |
| 22:09 | Build | Farm |
| 22:10 | Build | Farm |
| 22:20 | Build | Farm |
| 22:20 | Build | Farm |
| 22:21 | Build | Farm |
| 22:22 | Build | Farm |
| 22:23 | Build | Farm |
| 22:24 | Build | Farm |
| 22:25 | Build | Farm |
| 22:28 | Create | Villager (Male) |
| 22:29 | Create | Villager (Male) |
| 22:53 | Build | Stable |
| 22:58 | Build | Stable |
| 23:18 | Build | Farm |
| 23:20 | Create | Villager (Male) |
| 23:20 | Create | Villager (Male) |
| 23:21 | Create | Villager (Male) |
| 23:44 | Build | Watch Tower |
| 23:52 | Research | Arson |
| 23:57 | Create | Villager (Male) |
| 23:57 | Create | Villager (Male) |
| 24:08 | Build | Farm |
| 24:08 | Build | Farm |
| 24:10 | Build | Farm |
| 24:11 | Build | Farm |
Build order — Lyarios
First 150 of 213 actions detected
| 0:24 | Create | Villager (Male) |
| 0:24 | Create | Villager (Male) |
| 0:24 | Create | Villager (Male) |
| 0:24 | Create | Villager (Male) |
| 0:25 | Create | Villager (Male) |
| 0:33 | Build | House |
| 0:35 | Build | House |
| 0:37 | Build | House |
| 0:39 | Build | House |
| 0:40 | Build | House |
| 2:14 | Create | Villager (Male) |
| 2:14 | Create | Villager (Male) |
| 3:46 | Create | Villager (Male) |
| 3:46 | Create | Villager (Male) |
| 4:02 | Create | Villager (Male) |
| 4:02 | Create | Villager (Male) |
| 5:14 | Build | Lumber Camp |
| 6:48 | Build | Mill |
| 9:38 | Research | Feudal Age |
| 9:45 | Create | Villager (Male) |
| 9:45 | Create | Villager (Male) |
| 9:46 | Create | Villager (Male) |
| 9:46 | Create | Villager (Male) |
| 9:46 | Create | Villager (Male) |
| 11:48 | Age | Feudal Age |
| 11:54 | Research | Wheelbarrow |
| 11:55 | Create | Villager (Male) |
| 11:56 | Create | Villager (Male) |
| 12:15 | Build | Farm |
| 12:25 | Build | Farm |
| 12:47 | Build | Farm |
| 13:11 | Build | Mining Camp |
| 13:37 | Create | Villager (Male) |
| 13:38 | Create | Villager (Male) |
| 13:38 | Create | Villager (Male) |
| 14:03 | Build | Farm |
| 14:16 | Build | Farm |
| 15:02 | Create | Villager (Male) |
| 15:02 | Create | Villager (Male) |
| 15:08 | Create | Villager (Male) |
| 15:22 | Build | Farm |
| 15:42 | Build | Farm |
| 15:56 | Build | Farm |
| 16:17 | Build | Farm |
| 16:23 | Create | Villager (Male) |
| 16:23 | Create | Villager (Male) |
| 16:23 | Create | Villager (Male) |
| 16:38 | Create | Villager (Male) |
| 17:10 | Build | Market |
| 17:27 | Build | House |
| 17:29 | Build | House |
| 17:31 | Build | House |
| 18:01 | Build | Farm |
| 18:27 | Build | Farm |
| 19:43 | Build | Market |
| 21:22 | Build | Farm |
| 21:26 | Create | Villager (Male) |
| 21:26 | Create | Villager (Male) |
| 21:27 | Create | Villager (Male) |
| 21:28 | Create | Villager (Male) |
| 22:10 | Build | Blacksmith |
| 22:21 | Build | Farm |
| 23:29 | Create | Trade Cart |
| 23:45 | Build | Lumber Camp |
| 24:00 | Build | Lumber Camp |
| 24:08 | Research | Castle Age |
| 24:40 | Build | Farm |
| 25:15 | Build | Farm |
| 25:45 | Build | Mining Camp |
| 25:53 | Create | Villager (Male) |
| 25:54 | Create | Villager (Male) |
| 25:55 | Create | Villager (Male) |
| 26:48 | Age | Castle Age |
| 26:49 | Create | Trade Cart |
| 26:50 | Create | Trade Cart |
| 26:50 | Create | Trade Cart |
| 27:36 | Research | Hand Cart |
| 28:18 | Build | Barracks |
| 28:32 | Create | Villager (Male) |
| 28:32 | Create | Villager (Male) |
| 28:32 | Create | Villager (Male) |
| 29:59 | Create | Villager (Male) |
| 29:59 | Create | Villager (Male) |
| 29:59 | Create | Villager (Male) |
| 29:59 | Create | Villager (Male) |
| 30:13 | Build | House |
| 30:15 | Build | House |
| 30:16 | Build | House |
| 30:17 | Build | House |
| 30:18 | Build | House |
| 31:01 | Build | Lumber Camp |
| 31:40 | Research | Caravan |
| 31:44 | Research | Coinage |
| 32:14 | Research | Horse Collar |
| 32:20 | Build | Farm |
| 32:58 | Build | Monastery |
| 33:07 | Create | Villager (Male) |
| 33:07 | Create | Villager (Male) |
| 33:07 | Create | Villager (Male) |
| 33:08 | Create | Villager (Male) |
| 33:30 | Create | Spearman |
| 33:30 | Create | Spearman |
| 35:40 | Create | Villager (Male) |
| 36:19 | Build | University |
| 36:24 | Create | Monk |
| 36:31 | Create | Villager (Male) |
| 36:31 | Create | Villager (Male) |
| 36:31 | Create | Villager (Male) |
| 37:20 | Build | Market |
| 38:28 | Research | Imperial Age |
| 38:38 | Build | Siege Workshop |
| 38:45 | Build | Stable |
| 38:51 | Build | Archery Range |
| 39:05 | Build | House |
| 39:06 | Build | House |
| 39:07 | Build | House |
| 39:08 | Build | House |
| 39:10 | Build | House |
| 39:12 | Build | House |
| 39:48 | Create | Trade Cart |
| 39:48 | Create | Trade Cart |
| 40:28 | Create | Cavalry Archer |
| 40:28 | Create | Cavalry Archer |
| 40:28 | Create | Cavalry Archer |
| 40:31 | Create | Cavalry Archer |
| 40:31 | Create | Cavalry Archer |
| 40:32 | Create | Cavalry Archer |
| 40:33 | Create | Skirmisher |
| 40:33 | Create | Skirmisher |
| 40:50 | Research | Ballistics |
| 41:10 | Create | Trade Cart |
| 41:10 | Create | Trade Cart |
| 41:10 | Create | Trade Cart |
| 41:10 | Create | Trade Cart |
| 41:25 | Build | Stable |
| 41:37 | Age | Imperial Age |
| 41:52 | Create | Battering Ram |
| 41:53 | Create | Battering Ram |
| 41:56 | Create | Mangonel |
| 41:56 | Create | Mangonel |
| 41:57 | Create | Mangonel |
| 41:57 | Create | Mangonel |
| 42:04 | Create | Scout Cavalry |
| 42:04 | Create | Scout Cavalry |
| 42:05 | Create | Scout Cavalry |
| 43:45 | Create | Knight |
| 43:45 | Create | Knight |
| 43:45 | Create | Knight |
| 43:46 | Create | Knight |
| 44:06 | Create | Knight |
Build order — Feytih38
First 150 of 388 actions detected
| 0:01 | Create | Villager (Male) |
| 0:01 | Create | Villager (Male) |
| 0:02 | Create | Villager (Male) |
| 0:03 | Build | House |
| 0:04 | Build | House |
| 1:13 | Create | Villager (Male) |
| 1:28 | Create | Villager (Male) |
| 2:03 | Build | Lumber Camp |
| 2:22 | Create | Villager (Male) |
| 2:34 | Create | Villager (Male) |
| 3:25 | Create | Villager (Male) |
| 3:25 | Create | Villager (Male) |
| 3:25 | Create | Villager (Male) |
| 4:18 | Create | Villager (Male) |
| 4:18 | Create | Villager (Male) |
| 4:32 | Build | House |
| 4:33 | Build | House |
| 5:05 | Create | Villager (Male) |
| 5:05 | Create | Villager (Male) |
| 6:22 | Create | Villager (Male) |
| 6:22 | Create | Villager (Male) |
| 6:47 | Create | Villager (Male) |
| 6:51 | Build | House |
| 6:52 | Build | House |
| 7:39 | Build | Mill |
| 7:40 | Create | Villager (Male) |
| 8:06 | Research | Feudal Age |
| 8:28 | Build | Mining Camp |
| 10:16 | Age | Feudal Age |
| 10:18 | Research | Wheelbarrow |
| 10:18 | Research | Loom |
| 10:21 | Research | Double-Bit Axe |
| 10:40 | Build | Market |
| 10:45 | Create | Villager (Male) |
| 10:45 | Create | Villager (Male) |
| 10:53 | Research | Horse Collar |
| 11:31 | Build | Blacksmith |
| 11:33 | Build | House |
| 11:34 | Build | House |
| 11:37 | Build | House |
| 11:41 | Build | House |
| 11:41 | Build | House |
| 12:16 | Create | Villager (Male) |
| 12:16 | Create | Villager (Male) |
| 12:32 | Build | Farm |
| 12:34 | Build | Farm |
| 12:36 | Build | Farm |
| 13:18 | Build | Stone Wall |
| 13:22 | Build | Stone Wall |
| 13:30 | Build | Stone Wall |
| 13:33 | Build | Stone Wall |
| 13:34 | Create | Villager (Male) |
| 13:35 | Create | Villager (Male) |
| 13:56 | Create | Villager (Male) |
| 14:04 | Build | Farm |
| 14:05 | Build | Farm |
| 14:05 | Build | Farm |
| 14:05 | Build | Farm |
| 14:37 | Create | Villager (Male) |
| 14:38 | Create | Villager (Male) |
| 14:43 | Build | Farm |
| 14:43 | Build | Farm |
| 15:24 | Create | Villager (Male) |
| 15:29 | Build | Farm |
| 15:29 | Build | Farm |
| 15:34 | Create | Villager (Male) |
| 15:42 | Build | Farm |
| 15:50 | Build | Farm |
| 15:50 | Build | Farm |
| 16:11 | Build | Mining Camp |
| 16:31 | Create | Villager (Male) |
| 16:48 | Research | Castle Age |
| 16:48 | Research | Castle Age |
| 17:38 | Build | Building 490 |
| 19:18 | Build | Building 490 |
| 19:29 | Build | Building 490 |
| 19:36 | Age | Castle Age |
| 19:42 | Build | Building 490 |
| 19:45 | Build | Stone Wall |
| 19:46 | Build | Stone Wall |
| 19:48 | Build | Stone Wall |
| 19:49 | Build | Stone Wall |
| 19:50 | Build | Stone Wall |
| 19:50 | Build | Stone Wall |
| 19:55 | Create | Villager (Male) |
| 19:55 | Create | Villager (Male) |
| 19:56 | Create | Villager (Male) |
| 20:04 | Build | Town Center |
| 20:08 | Create | Villager (Male) |
| 20:08 | Create | Villager (Male) |
| 20:19 | Build | Town Center |
| 20:41 | Create | Villager (Male) |
| 20:42 | Create | Villager (Male) |
| 20:48 | Build | House |
| 20:49 | Build | House |
| 20:51 | Build | House |
| 20:52 | Build | House |
| 20:53 | Build | House |
| 20:55 | Build | House |
| 20:56 | Build | House |
| 21:09 | Create | Villager (Male) |
| 21:34 | Create | Villager (Male) |
| 21:35 | Create | Villager (Male) |
| 21:35 | Create | Villager (Male) |
| 21:35 | Create | Villager (Male) |
| 21:36 | Create | Villager (Male) |
| 21:37 | Create | Villager (Male) |
| 21:37 | Create | Villager (Male) |
| 21:37 | Create | Villager (Male) |
| 21:48 | Research | Fletching |
| 21:50 | Research | Padded Archer Armor |
| 22:08 | Build | Monastery |
| 22:23 | Research | Heavy Plow |
| 22:25 | Create | Villager (Male) |
| 22:25 | Create | Villager (Male) |
| 22:43 | Build | Lumber Camp |
| 22:52 | Create | Villager (Male) |
| 22:52 | Create | Villager (Male) |
| 22:52 | Create | Villager (Male) |
| 22:53 | Create | Villager (Male) |
| 22:53 | Create | Villager (Male) |
| 22:54 | Create | Villager (Male) |
| 22:55 | Create | Villager (Male) |
| 23:02 | Create | Monk |
| 23:02 | Create | Monk |
| 23:10 | Build | Barracks |
| 23:25 | Research | Gold Mining |
| 23:25 | Research | Stone Mining |
| 23:45 | Build | Archery Range |
| 23:53 | Create | Villager (Male) ×5 |
| 24:32 | Create | Villager (Male) |
| 24:32 | Create | Villager (Male) |
| 24:32 | Create | Villager (Male) |
| 24:34 | Create | Villager (Male) |
| 24:35 | Create | Villager (Male) |
| 24:45 | Build | Stable |
| 24:56 | Build | Town Center |
| 25:02 | Build | Farm |
| 25:02 | Build | Farm |
| 25:02 | Build | Farm |
| 25:05 | Create | Villager (Male) |
| 25:06 | Create | Villager (Male) |
| 25:14 | Create | Skirmisher ×5 |
| 25:14 | Create | Skirmisher ×5 |
| 25:30 | Research | Bloodlines |
| 25:33 | Create | Villager (Male) |
| 25:33 | Create | Villager (Male) |
| 25:34 | Create | Villager (Male) |
| 26:04 | Build | Farm |
| 26:04 | Build | Farm |
Build order — martindiego7
First 150 of 275 actions detected
| 0:06 | Build | House |
| 0:07 | Build | House |
| 0:08 | Create | Villager (Male) |
| 0:09 | Create | Villager (Male) |
| 0:09 | Create | Villager (Male) |
| 0:09 | Create | Villager (Male) |
| 0:09 | Create | Villager (Male) |
| 1:31 | Create | Villager (Male) |
| 2:08 | Create | Villager (Male) |
| 2:33 | Create | Villager (Male) |
| 3:20 | Create | Villager (Male) |
| 3:20 | Create | Villager (Male) |
| 3:21 | Create | Villager (Male) |
| 3:40 | Build | House |
| 4:19 | Create | Villager (Male) |
| 4:20 | Create | Villager (Male) |
| 4:20 | Create | Villager (Male) |
| 4:20 | Create | Villager (Male) |
| 4:34 | Build | House |
| 4:36 | Build | House |
| 5:27 | Research | Loom |
| 5:48 | Create | Villager (Male) |
| 5:49 | Create | Villager (Male) |
| 5:49 | Create | Villager (Male) |
| 6:25 | Build | House |
| 7:32 | Build | House |
| 7:34 | Build | House |
| 7:45 | Build | Mill |
| 7:53 | Build | Lumber Camp |
| 7:59 | Create | Villager (Male) |
| 7:59 | Create | Villager (Male) |
| 7:59 | Create | Villager (Male) |
| 7:59 | Create | Villager (Male) |
| 8:35 | Build | Mining Camp |
| 9:16 | Build | Lumber Camp |
| 9:33 | Create | Villager (Male) |
| 9:33 | Create | Villager (Male) |
| 10:52 | Build | Mining Camp |
| 11:03 | Create | Villager (Male) |
| 12:26 | Research | Feudal Age |
| 12:37 | Build | Mining Camp |
| 12:52 | Build | Barracks |
| 13:27 | Create | Villager (Male) |
| 14:04 | Build | House |
| 14:07 | Build | House |
| 14:34 | Create | Villager (Male) |
| 14:39 | Research | Double-Bit Axe |
| 14:42 | Research | Gold Mining |
| 14:45 | Research | Stone Mining |
| 15:13 | Build | Market |
| 15:32 | Build | Archery Range |
| 15:49 | Build | Lumber Camp |
| 15:55 | Build | Farm |
| 15:58 | Research | Town Watch |
| 16:05 | Create | Villager (Male) |
| 16:06 | Create | Villager (Male) |
| 16:46 | Create | Spearman |
| 16:46 | Create | Spearman |
| 16:46 | Create | Spearman |
| 16:47 | Create | Spearman |
| 16:59 | Build | Barracks |
| 17:30 | Create | Villager (Male) |
| 17:31 | Create | Villager (Male) |
| 17:31 | Create | Villager (Male) |
| 17:59 | Build | Farm |
| 18:12 | Build | Stable |
| 18:22 | Create | Spearman |
| 18:23 | Create | Spearman |
| 18:35 | Build | Farm |
| 18:46 | Build | Market |
| 18:56 | Create | Trade Cart |
| 18:56 | Create | Trade Cart |
| 19:20 | Research | Arson |
| 19:25 | Build | Farm |
| 19:27 | Create | Villager (Male) |
| 19:27 | Create | Villager (Male) |
| 19:50 | Create | Trade Cart |
| 19:51 | Create | Trade Cart |
| 20:13 | Build | Archery Range |
| 20:21 | Build | House |
| 20:23 | Build | House |
| 20:24 | Build | House |
| 20:31 | Build | Market |
| 20:39 | Build | Farm |
| 20:41 | Build | Farm |
| 20:43 | Create | Villager (Male) |
| 20:43 | Create | Villager (Male) |
| 22:00 | Build | Farm |
| 22:03 | Build | Farm |
| 22:15 | Create | Archer |
| 22:15 | Create | Archer |
| 22:15 | Create | Archer |
| 22:15 | Create | Archer |
| 22:16 | Create | Archer |
| 22:16 | Create | Archer |
| 22:38 | Create | Trade Cart |
| 22:39 | Create | Trade Cart |
| 22:46 | Build | Mining Camp |
| 22:57 | Research | Wheelbarrow |
| 23:34 | Build | Farm |
| 23:38 | Build | Farm |
| 24:06 | Build | Barracks |
| 24:11 | Build | Archery Range |
| 24:24 | Create | Trade Cart |
| 24:26 | Create | Trade Cart |
| 24:27 | Create | Trade Cart |
| 25:33 | Research | Castle Age |
| 25:48 | Create | Archer |
| 25:48 | Create | Archer |
| 25:48 | Create | Archer |
| 25:48 | Create | Archer |
| 26:17 | Create | Trade Cart |
| 26:30 | Build | House |
| 26:31 | Build | House |
| 26:33 | Build | House |
| 26:58 | Build | House |
| 26:59 | Build | House |
| 27:01 | Build | House |
| 27:02 | Build | House |
| 27:08 | Create | Villager (Male) |
| 27:08 | Create | Villager (Male) |
| 27:08 | Create | Villager (Male) |
| 28:15 | Build | House |
| 28:16 | Build | House |
| 28:17 | Build | House |
| 28:19 | Build | House |
| 28:28 | Build | Town Center |
| 28:30 | Research | Bow Saw |
| 28:37 | Create | Villager (Male) |
| 29:02 | Build | Castle |
| 29:22 | Research | Elite Skirmisher (upgrade) |
| 29:26 | Research | Pikeman (upgrade) |
| 29:36 | Build | House |
| 29:37 | Build | House |
| 29:39 | Build | House |
| 29:40 | Build | House |
| 29:41 | Build | House |
| 29:47 | Create | Villager (Male) |
| 29:48 | Create | Villager (Male) |
| 29:49 | Research | Hand Cart |
| 30:02 | Build | Town Center |
| 30:39 | Research | Gold Shaft Mining |
| 31:11 | Create | Villager (Male) |
| 31:11 | Create | Villager (Male) |
| 31:11 | Create | Villager (Male) |
| 31:12 | Create | Villager (Male) |
| 31:39 | Build | Monastery |
| 31:46 | Create | Trade Cart |
| 31:54 | Create | Villager (Male) |
| 31:54 | Create | Villager (Male) |
Build order — KonyaCity42
First 150 of 297 actions detected
| 0:04 | Research | Loom |
| 0:04 | Create | Villager (Male) ×4 |
| 0:10 | Build | House |
| 0:11 | Build | House |
| 1:52 | Create | Villager (Male) |
| 2:37 | Build | Palisade Wall |
| 2:38 | Build | Palisade Wall |
| 3:55 | Build | Palisade Wall |
| 3:57 | Build | Palisade Wall |
| 4:03 | Create | Villager (Male) |
| 4:03 | Create | Villager (Male) |
| 4:04 | Create | Villager (Male) |
| 4:04 | Create | Villager (Male) |
| 4:04 | Create | Villager (Male) |
| 4:04 | Create | Villager (Male) |
| 4:32 | Create | Villager (Male) |
| 5:46 | Build | Palisade Wall |
| 5:47 | Build | Palisade Wall |
| 7:52 | Build | Mill |
| 8:19 | Build | House |
| 8:22 | Build | House |
| 9:37 | Create | Villager (Male) |
| 10:02 | Build | Building 796 |
| 10:24 | Build | Palisade Wall |
| 11:12 | Build | Lumber Camp |
| 11:40 | Create | Villager (Male) |
| 11:40 | Create | Villager (Male) |
| 11:41 | Create | Villager (Male) |
| 11:42 | Create | Villager (Male) |
| 12:03 | Build | Palisade Wall |
| 12:04 | Build | Palisade Wall |
| 12:06 | Build | Palisade Wall |
| 12:48 | Research | Feudal Age |
| 14:01 | Build | House |
| 14:03 | Build | House |
| 14:37 | Build | Lumber Camp |
| 15:30 | Age | Feudal Age |
| 15:33 | Research | Double-Bit Axe |
| 15:58 | Build | Stone Wall |
| 16:08 | Build | Building 490 |
| 16:17 | Build | Stone Wall |
| 16:39 | Build | Mining Camp |
| 16:40 | Create | Villager (Male) |
| 16:41 | Create | Villager (Male) |
| 16:41 | Create | Villager (Male) |
| 16:42 | Create | Villager (Male) |
| 16:42 | Create | Villager (Male) |
| 17:09 | Build | Market |
| 17:27 | Build | Mining Camp |
| 17:52 | Build | Stone Wall |
| 17:56 | Build | Stone Wall |
| 18:01 | Build | Building 490 |
| 18:41 | Research | Stone Mining |
| 18:43 | Create | Villager (Male) |
| 18:54 | Build | Barracks |
| 19:38 | Build | Mining Camp |
| 20:11 | Create | Trade Cart |
| 20:23 | Research | Gold Mining |
| 20:37 | Create | Villager (Male) |
| 20:37 | Create | Villager (Male) |
| 20:38 | Create | Villager (Male) |
| 20:38 | Create | Villager (Male) |
| 20:48 | Research | Man-at-Arms (upgrade) |
| 21:02 | Build | Building 490 |
| 22:00 | Build | Blacksmith |
| 22:05 | Build | Farm |
| 22:06 | Build | Farm |
| 22:07 | Build | Farm |
| 22:10 | Build | Farm |
| 22:13 | Create | Villager (Male) |
| 22:20 | Create | Villager (Male) |
| 22:25 | Build | Farm |
| 23:47 | Build | Archery Range |
| 24:01 | Research | Arson |
| 24:06 | Create | Villager (Male) |
| 24:07 | Create | Villager (Male) |
| 24:07 | Create | Villager (Male) |
| 24:07 | Create | Villager (Male) |
| 24:07 | Create | Villager (Male) |
| 24:09 | Build | Farm |
| 24:11 | Build | Farm |
| 24:13 | Build | Farm |
| 24:14 | Build | Farm |
| 24:57 | Build | Lumber Camp |
| 25:08 | Create | Skirmisher |
| 25:21 | Build | House |
| 25:22 | Build | House |
| 25:25 | Build | House |
| 25:27 | Build | House |
| 25:29 | Build | House |
| 25:30 | Build | House |
| 25:30 | Build | House |
| 25:31 | Build | House |
| 25:31 | Build | House |
| 25:31 | Build | House |
| 25:31 | Build | House |
| 25:32 | Build | House |
| 25:32 | Build | House |
| 25:32 | Build | House |
| 25:32 | Build | House |
| 25:33 | Build | House |
| 25:33 | Build | House |
| 25:33 | Build | House |
| 25:34 | Build | House |
| 25:34 | Build | House |
| 25:34 | Build | House |
| 25:35 | Build | House |
| 25:35 | Build | House |
| 25:35 | Build | House |
| 25:36 | Build | House |
| 25:36 | Build | House |
| 25:36 | Build | House |
| 25:36 | Build | House |
| 25:49 | Create | Skirmisher |
| 26:43 | Research | Horse Collar |
| 27:05 | Create | Skirmisher ×5 |
| 27:08 | Create | Skirmisher |
| 27:14 | Create | Skirmisher |
| 27:20 | Create | Skirmisher |
| 27:33 | Build | House |
| 27:48 | Build | Stable |
| 27:57 | Create | Militia |
| 27:57 | Create | Militia |
| 27:57 | Create | Militia |
| 27:57 | Create | Militia |
| 27:57 | Create | Militia |
| 27:58 | Create | Militia |
| 28:32 | Create | Villager (Male) |
| 28:32 | Create | Villager (Male) |
| 28:32 | Create | Villager (Male) |
| 28:33 | Create | Villager (Male) |
| 28:39 | Build | Farm |
| 28:41 | Build | Farm |
| 28:42 | Build | Farm |
| 28:43 | Build | Farm |
| 28:45 | Build | Farm |
| 28:46 | Build | Farm |
| 28:48 | Build | Farm |
| 28:49 | Build | Farm |
| 28:53 | Build | Farm |
| 28:55 | Build | Farm |
| 28:57 | Build | Farm |
| 28:59 | Build | Farm |
| 29:00 | Build | Farm |
| 29:02 | Build | Farm |
| 29:03 | Build | Farm |
| 29:04 | Build | Farm |
| 29:07 | Build | Farm |
| 29:09 | Build | Farm |
| 29:11 | Build | Farm |
Build order — TorukMakto1285
First 150 of 288 actions detected
| 0:08 | Build | House |
| 0:11 | Build | House |
| 0:23 | Create | Villager (Male) |
| 0:23 | Create | Villager (Male) |
| 0:24 | Create | Villager (Male) |
| 0:24 | Create | Villager (Male) |
| 0:24 | Create | Villager (Male) |
| 0:24 | Create | Villager (Male) |
| 1:52 | Create | Villager (Male) |
| 1:52 | Create | Villager (Male) |
| 2:17 | Create | Villager (Male) |
| 2:17 | Create | Villager (Male) |
| 2:53 | Create | Villager (Male) |
| 2:53 | Create | Villager (Male) |
| 2:53 | Create | Villager (Male) |
| 4:33 | Create | Villager (Male) |
| 4:33 | Create | Villager (Male) |
| 4:33 | Create | Villager (Male) |
| 4:33 | Create | Villager (Male) |
| 4:34 | Create | Villager (Male) |
| 4:34 | Create | Villager (Male) |
| 5:13 | Create | Villager (Male) |
| 5:13 | Create | Villager (Male) |
| 5:13 | Create | Villager (Male) |
| 5:13 | Create | Villager (Male) |
| 5:27 | Build | Settlement |
| 6:06 | Build | House |
| 6:12 | Create | Villager (Male) |
| 6:13 | Create | Villager (Male) |
| 6:13 | Create | Villager (Male) |
| 6:14 | Create | Villager (Male) |
| 6:14 | Create | Villager (Male) |
| 7:41 | Research | Loom |
| 8:27 | Research | Feudal Age |
| 8:29 | Research | Loom |
| 9:01 | Build | Settlement |
| 10:57 | Create | Villager (Male) |
| 10:57 | Create | Villager (Male) |
| 11:07 | Research | Double-Bit Axe |
| 11:12 | Research | Stone Mining |
| 11:25 | Build | Watch Tower |
| 13:02 | Research | Gold Mining |
| 13:05 | Research | Horse Collar |
| 14:08 | Research | Wheelbarrow |
| 14:15 | Research | Town Watch |
| 15:15 | Build | House |
| 15:20 | Build | Barracks |
| 16:13 | Build | Barracks |
| 16:30 | Build | Market |
| 16:39 | Build | Farm |
| 17:07 | Build | Blacksmith |
| 17:19 | Create | Villager (Male) |
| 17:19 | Create | Villager (Male) |
| 17:19 | Create | Villager (Male) |
| 17:20 | Create | Villager (Male) |
| 17:20 | Create | Villager (Male) |
| 17:20 | Create | Villager (Male) |
| 17:20 | Create | Villager (Male) |
| 17:22 | Create | Villager (Male) |
| 17:51 | Build | Farm |
| 17:53 | Build | Farm |
| 17:55 | Build | Farm |
| 17:57 | Build | Farm |
| 18:01 | Build | Farm |
| 18:03 | Build | Farm |
| 18:15 | Build | Farm |
| 18:22 | Build | Farm |
| 19:00 | Create | Trade Cart |
| 19:30 | Build | Farm |
| 20:04 | Create | Trade Cart |
| 20:04 | Create | Trade Cart |
| 21:04 | Research | Castle Age |
| 21:59 | Research | Fletching |
| 22:38 | Build | House |
| 22:41 | Build | House |
| 22:43 | Build | House |
| 22:58 | Create | Trade Cart |
| 22:59 | Create | Trade Cart |
| 22:59 | Create | Trade Cart |
| 22:59 | Create | Trade Cart |
| 23:00 | Create | Trade Cart |
| 23:00 | Create | Trade Cart |
| 23:00 | Create | Trade Cart |
| 24:42 | Build | Castle |
| 24:51 | Create | Villager (Male) |
| 24:51 | Create | Villager (Male) |
| 24:52 | Create | Villager (Male) |
| 24:52 | Create | Villager (Male) |
| 24:55 | Research | Caravan |
| 24:59 | Research | Bow Saw |
| 25:33 | Research | Heavy Plow |
| 25:39 | Build | Farm |
| 25:45 | Build | Farm |
| 26:16 | Build | Farm |
| 26:41 | Build | Archery Range |
| 26:45 | Build | Archery Range |
| 27:00 | Build | Siege Workshop |
| 27:18 | Build | Settlement |
| 27:32 | Research | Bodkin Arrow |
| 27:36 | Research | Forging |
| 27:38 | Create | Kona |
| 27:39 | Create | Kona |
| 27:39 | Create | Kona |
| 28:15 | Create | Bolas Rider |
| 28:15 | Create | Bolas Rider |
| 28:16 | Create | Bolas Rider |
| 28:16 | Create | Bolas Rider |
| 28:16 | Create | Bolas Rider |
| 28:17 | Create | Bolas Rider |
| 28:17 | Create | Bolas Rider |
| 28:38 | Create | Bolas Rider |
| 28:39 | Create | Bolas Rider |
| 28:39 | Create | Bolas Rider |
| 28:39 | Create | Bolas Rider |
| 28:45 | Create | Kona |
| 28:45 | Create | Kona |
| 28:46 | Create | Kona |
| 28:46 | Create | Kona |
| 28:46 | Create | Kona |
| 29:48 | Research | Stone Shaft Mining |
| 30:09 | Create | Villager (Male) |
| 30:09 | Create | Villager (Male) |
| 30:09 | Create | Villager (Male) |
| 30:31 | Build | Farm |
| 30:37 | Build | Farm |
| 30:41 | Build | Farm |
| 30:46 | Build | Farm |
| 31:48 | Build | Settlement |
| 32:13 | Create | Villager (Male) |
| 32:13 | Create | Villager (Male) |
| 32:13 | Create | Villager (Male) |
| 32:13 | Create | Villager (Male) |
| 32:27 | Create | Kona |
| 32:27 | Create | Kona |
| 32:27 | Create | Kona |
| 32:27 | Create | Kona |
| 32:28 | Create | Kona |
| 32:28 | Create | Kona |
| 32:34 | Create | Bolas Rider |
| 32:35 | Create | Bolas Rider |
| 32:35 | Create | Bolas Rider |
| 32:35 | Create | Bolas Rider |
| 32:35 | Create | Bolas Rider |
| 32:36 | Create | Bolas Rider |
| 32:37 | Create | Bolas Rider |
| 33:21 | Research | Iron Casting |
| 33:36 | Create | Mangonel |
| 33:36 | Create | Mangonel |
| 34:08 | Research | Padded Archer Armor |
| 34:52 | Build | Castle |
Match timeline
| 2:37 | KonyaCity42 · wall_segment Palisade Wall x8 |
| 2:38 | KonyaCity42 · wall_segment Palisade Wall x1 |
| 2:39 | Galatasaray · wall_segment Palisade Wall x14 |
| 3:55 | KonyaCity42 · wall_segment Palisade Wall x5 |
| 3:57 | KonyaCity42 · wall_segment Palisade Wall x7 |
| 4:42 | Galatasaray · wall_segment Palisade Wall x13 |
| 5:46 | KonyaCity42 · wall_segment Palisade Wall x37 |
| 5:47 | KonyaCity42 · wall_segment Palisade Wall x4 |
| 6:02 | Galatasaray · wall_segment Palisade Wall x20 |
| 6:04 | Galatasaray · wall_segment Palisade Wall x7 |
| 10:03 | Galatasaray · wall_segment Palisade Wall x10 |
| 10:16 | Feytih38 · age_up feudal |
| 10:24 | KonyaCity42 · wall_segment Palisade Wall x5 |
| 10:37 | TR-68 · first_building Barracks |
| 11:19 | Galatasaray · first_building Barracks |
| 11:48 | Lyarios · age_up feudal |
| 12:03 | KonyaCity42 · wall_segment Palisade Wall x1 |
| 12:04 | KonyaCity42 · wall_segment Palisade Wall x1 |
| 12:06 | KonyaCity42 · wall_segment Palisade Wall x2 |
| 12:17 | TR-68 · age_up feudal |
| 12:52 | martindiego7 · first_building Barracks |
| 13:05 | Galatasaray · age_up feudal |
| 13:18 | Feytih38 · wall_segment Stone Wall x7 |
| 13:22 | Feytih38 · wall_segment Stone Wall x3 |
| 13:24 | Galatasaray · wall_segment Stone Wall x44 |
| 13:30 | Feytih38 · wall_segment Stone Wall x30 |
| 13:33 | Feytih38 · wall_segment Stone Wall x11 |
| 15:20 | TorukMakto1285 · first_building Barracks |
| 15:30 | KonyaCity42 · age_up feudal |
| 15:32 | martindiego7 · first_building Archery Range |
| 15:58 | KonyaCity42 · wall_segment Stone Wall x11 |
| 16:17 | KonyaCity42 · wall_segment Stone Wall x34 |
| 16:30 | Lyes37 · first_building Barracks |
| 16:59 | TR-68 · first_market_sell 100 stone |
| 17:48 | TR-68 · tribute_sent a jugador 1 |
| 17:48 | TR-68 · tribute_sent a jugador 2 |
| 17:48 | TR-68 · tribute_sent a jugador 3 |
| 17:48 | TR-68 · tribute_sent a jugador 4 |
| 17:48 | TR-68 · tribute_sent a jugador 5 |
| 17:48 | TR-68 · tribute_sent a jugador 6 |
| 17:48 | TR-68 · tribute_sent a jugador 7 |
| 17:52 | KonyaCity42 · wall_segment Stone Wall x9 |
| 17:56 | KonyaCity42 · wall_segment Stone Wall x5 |
| 18:12 | martindiego7 · first_building Stable |
| 18:54 | KonyaCity42 · first_building Barracks |
| 19:31 | Galatasaray · wall_segment Stone Wall x5 |
| 19:35 | Galatasaray · wall_segment Stone Wall x8 |
| 19:36 | Feytih38 · age_up castle |
| 19:45 | Feytih38 · wall_segment Stone Wall x1 |
| 19:46 | TR-68 · age_up castle |
| 19:46 | Feytih38 · wall_segment Stone Wall x1 |
| 19:48 | Feytih38 · wall_segment Stone Wall x1 |
| 19:49 | Feytih38 · wall_segment Stone Wall x1 |
| 19:50 | Feytih38 · wall_segment Stone Wall x1 |
| 19:50 | Feytih38 · wall_segment Stone Wall x1 |
| 20:16 | TR-68 · first_market_buy 100 stone |
| 20:22 | Galatasaray · wall_segment Stone Wall x12 |
| 21:31 | Lyes37 · first_building Archery Range |
| 21:39 | TR-68 · first_building Siege Workshop |
| 22:08 | Feytih38 · first_building Monastery |
| 22:21 | Lyes37 · wall_segment Stone Wall x23 |
| 22:53 | Galatasaray · first_building Stable |
| 23:10 | Feytih38 · first_building Barracks |
| 23:25 | Lyes37 · first_building Siege Workshop |
| 23:45 | Feytih38 · first_building Archery Range |
| 23:47 | KonyaCity42 · first_building Archery Range |
| 23:56 | TR-68 · first_building Monastery |
| 24:06 | Lyes37 · wall_segment Stone Wall x20 |
| 24:34 | Galatasaray · first_building Archery Range |
| 24:42 | TorukMakto1285 · first_building Castle |
| 24:45 | Feytih38 · first_building Stable |
| 25:05 | Lyarios · first_market_buy 100 wood |
| 25:46 | Lyes37 · wall_segment Stone Wall x15 |
| 25:51 | Lyes37 · wall_segment Stone Wall x6 |
| 26:27 | Galatasaray · first_market_buy 100 food |
| 26:41 | TorukMakto1285 · first_building Archery Range |
| 26:48 | Lyarios · age_up castle |
| 26:58 | Feytih38 · first_market_buy 100 food |
| 27:00 | TorukMakto1285 · first_building Siege Workshop |
| 27:01 | Galatasaray · wall_segment Stone Wall x9 |
| 27:48 | KonyaCity42 · first_building Stable |
| 28:18 | Lyarios · first_building Barracks |
| 29:02 | martindiego7 · first_building Castle |
| 29:21 | Galatasaray · wall_segment Stone Wall x9 |
| 29:23 | Lyes37 · wall_segment Stone Wall x3 |
| 30:02 | Galatasaray · age_up castle |
| 30:06 | TR-68 · first_building Castle |
| 30:08 | Galatasaray · first_building Castle |
| 30:49 | Lyes37 · wall_segment Stone Wall x6 |
| 31:09 | Galatasaray · wall_segment Stone Wall x2 |
| 31:28 | Galatasaray · wall_segment Stone Wall x4 |
| 31:31 | Galatasaray · wall_segment Stone Wall x5 |
| 31:31 | Galatasaray · wall_segment Stone Wall x3 |
| 31:39 | martindiego7 · first_building Monastery |
| 31:51 | Galatasaray · first_building Siege Workshop |
| 32:07 | TR-68 · first_building Archery Range |
| 32:58 | Lyarios · first_building Monastery |
| 33:23 | Lyes37 · first_building Castle |
| 33:30 | Feytih38 · first_building Krepost |
| 33:51 | martindiego7 · first_building Siege Workshop |
| 33:58 | Galatasaray · wall_segment Stone Wall x10 |
| 34:52 | Feytih38 · age_up imperial |
| 35:33 | TR-68 · age_up imperial |
| 37:13 | Feytih38 · first_building Castle |
| 37:14 | martindiego7 · wall_segment Stone Wall x15 |
| 37:50 | martindiego7 · first_market_buy 100 food |
| 38:38 | Lyarios · first_building Siege Workshop |
| 38:45 | Lyarios · first_building Stable |
| 38:46 | KonyaCity42 · age_up castle |
| 38:51 | Lyarios · first_building Archery Range |
| 39:21 | KonyaCity42 · first_building Castle |
| 39:31 | KonyaCity42 · first_building Siege Workshop |
| 39:55 | Feytih38 · first_market_sell 500 food |
| 40:53 | TorukMakto1285 · first_building Monastery |
| 40:58 | KonyaCity42 · wall_segment Stone Wall x10 |
| 40:59 | KonyaCity42 · wall_segment Stone Wall x2 |
| 41:37 | Lyarios · age_up imperial |
| 42:08 | KonyaCity42 · wall_segment Stone Wall x18 |
| 43:09 | Lyes37 · resign |
| 43:57 | Lyarios · first_market_sell 100 food |
| 45:27 | Galatasaray · first_building Monastery |
| 48:04 | Galatasaray · age_up imperial |
| 50:49 | KonyaCity42 · age_up imperial |
[ AI ANALYSIS · 1 CREDIT ]
What really happened in this match?
Wolo.gg analyzes every decision: build order, eco, micro, common mistakes by bracket. Personalized analysis on WhatsApp or Discord in 30 seconds.
Civ guide
Goths
Perfil
Jugador #2555428